3A
YORK REVOLUTION @ CONNETQUOT CHIEFS
07/27/2027
 
TOP OF THE 1ST
York Revolution batting - Pitching for Connetquot Chiefs : RHP Jim Unknown
Pitching: RHP Jim Unknown
Batting: RHB Domingo Bravo 0-0: Called Strike
0-1: Ball
1-1: Ball
2-1: Fly out, F9 (Flyball, 9LM)
Batting: RHB Ernesto Deleón 0-0: Swinging Strike
0-1: Ball
1-1: Foul Ball, location: 2F
1-2: Ball
2-2: Ground out 6-3 (Groundball, 6)
Batting: RHB Griffin Woodfinlevine 0-0: Ball
1-0: Swinging Strike
1-1: Ball
2-1: Ball
3-1: Base on Balls
Batting: RHB Sherwood Lefebvre 0-0: Swinging Strike
0-1: Called Strike
0-2: Ball
1-2: Strikes out swinging
Top of the 1st over - 0 run(s), 0 hit(s), 0 error(s), 1 left on base; York 0 - Connetquot 0
BOTTOM OF THE 1ST
Connetquot Chiefs batting - Pitching for York Revolution : RHP Joel Farrell
Pitching: RHP Joel Farrell
Batting: RHB Júlio Flores 0-0: Ball
1-0: Foul Ball, location: 2F
1-1: Ball
2-1: Fly out, F8 (Flyball, 8RM)
Batting: RHB Peter Geib 0-0: Called Strike
0-1: Foul Ball, location: 2F
0-2: Foul Ball, location: 2F
0-2: Ball
1-2: Ball
2-2: Ball
3-2: Foul Ball, location: 2F
3-2: Fly out, F9 (Flyball, 9LM)
Batting: RHB Creed Bratton 0-0: Called Strike
0-1: Swinging Strike
0-2: Fly out, F9 (Line Drive, 9)
Bottom of the 1st over - 0 run(s), 0 hit(s), 0 error(s), 0 left on base; York 0 - Connetquot 0
TOP OF THE 2ND
York Revolution batting - Pitching for Connetquot Chiefs : RHP Jim Unknown
Batting: RHB Billy Hess 0-0: Called Strike
0-1: SINGLE (Groundball, 6D)
Batting: RHB Donald Perry 0-0: Called Strike
0-1: Foul Ball, location: 2F
0-2: Ball
1-2: Fly out, F9 (Flyball, 9)
Batting: LHB Chip Garner 0-0: Ball
1-0: Called Strike
1-1: Ball
2-1: Foul Ball, location: 2F
2-2: Foul Ball, location: 2F
2-2: Ball
3-2: Grounds into double play, 4-6-3 (Groundball, 34)
Top of the 2nd over - 0 run(s), 1 hit(s), 0 error(s), 0 left on base; York 0 - Connetquot 0
BOTTOM OF THE 2ND
Connetquot Chiefs batting - Pitching for York Revolution : RHP Joel Farrell
Batting: RHB Felipe Córdova 0-0: Ground out 4-3 (Groundball, 4)
Batting: RHB Carlos Flores 0-0: Called Strike
0-1: Called Strike
0-2: Ball
1-2: Foul Ball, location: 2F
1-2: Ball
2-2: Foul Ball, location: 2F
2-2: Strikes out swinging
Batting: RHB Steve Orwig 0-0: Swinging Strike
0-1: Called Strike
0-2: Ball
1-2: Ball
2-2: Foul Ball, location: 2F
2-2: Foul Ball, location: 2F
2-2: Ball
3-2: SINGLE (Line Drive, 7S)
Batting: RHB Gioacchino Basaglia 0-0: Ball
1-0: Ball
2-0: Foul Ball, location: 2F
2-1: Fly out, F7 (Flyball, 7)
Bottom of the 2nd over - 0 run(s), 1 hit(s), 0 error(s), 1 left on base; York 0 - Connetquot 0
TOP OF THE 3RD
York Revolution batting - Pitching for Connetquot Chiefs : RHP Jim Unknown
Batting: RHB Ángelo Díaz 0-0: Ball
1-0: Ground out U3 (Groundball, 3S)
Batting: RHB Jorge Barrón 0-0: Ball
1-0: Called Strike
1-1: Foul Ball, location: 2F
1-2: Strikes out swinging
Batting: RHB Domingo Bravo 0-0: Ball
1-0: Ground out 5-3 (Groundball, 56)
Top of the 3rd over - 0 run(s), 0 hit(s), 0 error(s), 0 left on base; York 0 - Connetquot 0
BOTTOM OF THE 3RD
Connetquot Chiefs batting - Pitching for York Revolution : RHP Joel Farrell
Batting: RHB Jim Unknown 0-0: Called Strike
0-1: Called Strike
0-2: Ball
1-2: Foul Ball, location: 2F
1-2: Ball
2-2: Foul Ball, location: 2F
2-2: Ball
3-2: Ground out 6-3 (Groundball, 6M)
Batting: RHB Jon Osterman 0-0: Called Strike
0-1: Swinging Strike
0-2: Strikes out swinging
Batting: RHB Júlio Flores 0-0: Ball
1-0: Called Strike
1-1: Ball
2-1: Swinging Strike
2-2: Foul Ball, location: 2F
2-2: Ball
3-2: Ground out 4-3 (Groundball, 34)
Bottom of the 3rd over - 0 run(s), 0 hit(s), 0 error(s), 0 left on base; York 0 - Connetquot 0
TOP OF THE 4TH
York Revolution batting - Pitching for Connetquot Chiefs : RHP Jim Unknown
Batting: RHB Ernesto Deleón 0-0: Ball
1-0: Foul Ball, location: 2F
1-1: Ball
2-1: SINGLE (Line Drive, 34D)
Batting: RHB Griffin Woodfinlevine 0-0: Called Strike
0-1: Foul Ball, location: 2F
0-2: Hit by Pitch
Ernesto Deleón to second
Batting: RHB Sherwood Lefebvre 0-0: Fielders Choice at 2nd, 1-6 (Groundball, P)
Ernesto Deleón to third
Batting: RHB Billy Hess 0-0: Ball
1-0: Fly out, F7 (Line Drive, 7LM)
Runner from 3rd tags up, SCORES, no throw
Batting: RHB Donald Perry 0-0: Foul Ball, location: 2F
0-1: Fly out, F7 (Flyball, 78S)
Top of the 4th over - 1 run(s), 1 hit(s), 0 error(s), 1 left on base; York 1 - Connetquot 0
BOTTOM OF THE 4TH
Connetquot Chiefs batting - Pitching for York Revolution : RHP Joel Farrell
Batting: RHB Peter Geib 0-0: SOLO HOME RUN (Flyball, 78XD), Distance : 442 ft
Batting: RHB Creed Bratton 0-0: Called Strike
0-1: Foul Ball, location: 2F
0-2: Ball
1-2: Strikes out swinging
Batting: RHB Felipe Córdova 0-0: Ball
1-0: Ball
2-0: Ground out 6-3 (Groundball, 6)
Batting: RHB Carlos Flores 0-0: Called Strike
0-1: Ball
1-1: SINGLE (Line Drive, 9S)
Batting: RHB Steve Orwig 0-0: Fly out, F6 (Popup, 6MD)
Bottom of the 4th over - 1 run(s), 2 hit(s), 0 error(s), 1 left on base; York 1 - Connetquot 1
TOP OF THE 5TH
York Revolution batting - Pitching for Connetquot Chiefs : RHP Jim Unknown
Batting: LHB Chip Garner 0-0: Foul Ball, location: 2F
0-1: Ball
1-1: Ball
2-1: Foul Ball, location: 2F
2-2: Ball
3-2: Strikes out swinging
Batting: RHB Ángelo Díaz 0-0: SINGLE (Groundball, 56D)
Batting: RHB Jorge Barrón 0-0: Called Strike
0-1: Ball
1-1: Ball
2-1: Foul Ball, location: 2F
2-2: Foul Ball, location: 2F
2-2: Strikes out looking
Batting: RHB Domingo Bravo 0-0: Ball
1-0: Ball
2-0: Fielders Choice at 2nd, 6-4 (Groundball, 6)
Top of the 5th over - 0 run(s), 1 hit(s), 0 error(s), 0 left on base; York 1 - Connetquot 1
BOTTOM OF THE 5TH
Connetquot Chiefs batting - Pitching for York Revolution : RHP Joel Farrell
Batting: RHB Gioacchino Basaglia 0-0: Ball
1-0: Swinging Strike
1-1: Fly out, F3 (Popup, 3)
Batting: RHB Jim Unknown 0-0: Foul Ball, location: 2F
0-1: Called Strike
0-2: Strikes out looking
Batting: RHB Jon Osterman 0-0: Swinging Strike
0-1: Foul Ball, location: 2F
0-2: Ball
1-2: Foul Ball, location: 2F
1-2: Strikes out swinging
Bottom of the 5th over - 0 run(s), 0 hit(s), 0 error(s), 0 left on base; York 1 - Connetquot 1
TOP OF THE 6TH
York Revolution batting - Pitching for Connetquot Chiefs : RHP Jim Unknown
Batting: RHB Ernesto Deleón 0-0: TRIPLE (Flyball, 89XD)
Batting: RHB Griffin Woodfinlevine 0-0: Called Strike
0-1: Fly out, F2 (Popup, 15S)
Batting: RHB Sherwood Lefebvre 0-0: Intentional Walk
Batting: RHB Billy Hess 0-0: Ball
1-0: DOUBLE (Flyball, 78XD)
Ernesto Deleón scores
Sherwood Lefebvre to third
Batting: RHB Donald Perry 0-0: Ball
1-0: Ball
2-0: Fly out, F8 (Flyball, 89M)
Runner from 3rd tags up, SCORES, throw made
Batting: LHB Chip Garner 0-0: Foul Ball, location: 2F
0-1: Called Strike
0-2: Ball
1-2: Ball
2-2: DOUBLE (Line Drive, 9D)
Billy Hess scores
Batting: RHB Ángelo Díaz 0-0: SINGLE (Flyball, 8RS)
Chip Garner to third
Batting: RHB Jorge Barrón 0-0: Called Strike
0-1: Ball
1-1: Fielders Choice at 2nd, 6-4 (Groundball, 56)
Top of the 6th over - 3 run(s), 4 hit(s), 0 error(s), 1 left on base; York 4 - Connetquot 1
BOTTOM OF THE 6TH
Connetquot Chiefs batting - Pitching for York Revolution : RHP Joel Farrell
Batting: RHB Júlio Flores 0-0: Called Strike
0-1: SINGLE (Popup, 4MS)
Batting: RHB Peter Geib 0-0: Fly out, F5 (Line Drive, 56)
Batting: RHB Creed Bratton 0-0: Called Strike
0-1: Ball
1-1: Swinging Strike
1-2: Ball
2-2: Ball
3-2: Strikes out swinging
Júlio Flores steals 2nd base
Batter strikes out.
Batting: RHB Felipe Córdova 0-0: Ball
1-0: Ball
2-0: SINGLE (Line Drive, 8RS)
Júlio Flores to third
Runner from 3rd tries for Home, SAFE, no throw
Batting: RHB Carlos Flores 0-0: Swinging Strike
0-1: Called Strike
0-2: Ball
1-2: Strikes out swinging
Bottom of the 6th over - 1 run(s), 2 hit(s), 0 error(s), 1 left on base; York 4 - Connetquot 2
TOP OF THE 7TH
York Revolution batting - Pitching for Connetquot Chiefs : RHP Jim Unknown
Batting: RHB Domingo Bravo 0-0: Ball
1-0: Ball
2-0: Ball
3-0: Called Strike
3-1: Swinging Strike
3-2: Ground out 6-3 (Groundball, 6)
Batting: RHB Ernesto Deleón 0-0: DOUBLE (Flyball, 78D)
Batting: RHB Griffin Woodfinlevine 0-0: Called Strike
0-1: SINGLE (Groundball, 4MD)
Ernesto Deleón to third
Runner from 3rd tries for Home, SAFE, no throw
Batting: RHB Sherwood Lefebvre 0-0: SINGLE (Line Drive, 78S)
Griffin Woodfinlevine to second
Pitching: RHP Francisco Sánchez
Batting: RHB Billy Hess 0-0: Ball
1-0: Ball
2-0: Ball
3-0: Called Strike
3-1: SINGLE (Groundball, 56D)
Griffin Woodfinlevine to third
Sherwood Lefebvre to second
Pinch Hitting: RHB Jim Unknown 0-0: Called Strike
0-1: Ball
1-1: Fly out, F4 (Popup, 4D)
Batting: LHB Chip Garner 0-0: Called Strike
0-1: Called Strike
0-2: Foul Ball, location: 2F
0-2: Ball
1-2: SINGLE (Flyball, 7S)
Griffin Woodfinlevine scores
Sherwood Lefebvre to third
Billy Hess to second
Runner from 3rd tries for Home, SAFE, no throw
Batting: RHB Ángelo Díaz 0-0: Fly out, F9 (Flyball, 9S)
Top of the 7th over - 3 run(s), 5 hit(s), 0 error(s), 2 left on base; York 7 - Connetquot 2
BOTTOM OF THE 7TH
Connetquot Chiefs batting - Pitching for York Revolution : RHP Joel Farrell
Now at 2B: Carlos Meléndez
Batting: RHB Steve Orwig 0-0: Ball
1-0: Called Strike
1-1: Fly out, F7 (Flyball, 7LMF)
Batting: RHB Gioacchino Basaglia 0-0: Foul Ball, location: 2F
0-1: Ball
1-1: Fly out, F7 (Flyball, 7S)
Batting: RHB Jim Unknown 0-0: Foul Ball, location: 2F
0-1: Ground out 5-3 (Groundball, 56)
Bottom of the 7th over - 0 run(s), 0 hit(s), 0 error(s), 0 left on base; York 7 - Connetquot 2
TOP OF THE 8TH
York Revolution batting - Pitching for Connetquot Chiefs : RHP Francisco Sánchez
Batting: RHB Jorge Barrón 0-0: Foul Ball, location: 2F
0-1: Called Strike
0-2: Ball
1-2: Ball
2-2: Ball
3-2: Foul Ball, location: 2F
3-2: SINGLE (Groundball, 4MD)
Batting: RHB Domingo Bravo 0-0: Foul Ball, location: 2F
0-1: Fly out, F2 (Popup, 23)
Batting: RHB Ernesto Deleón 0-0: Ball
1-0: SINGLE (Groundball, 4MD)
Jorge Barrón to second
Batting: RHB Griffin Woodfinlevine 0-0: Called Strike
0-1: Foul Ball, location: 2F
0-2: Strikes out swinging
Batting: RHB Sherwood Lefebvre 0-0: Ground out 1-3 (Groundball, P)
Top of the 8th over - 0 run(s), 2 hit(s), 0 error(s), 2 left on base; York 7 - Connetquot 2
BOTTOM OF THE 8TH
Connetquot Chiefs batting - Pitching for York Revolution : RHP Joel Farrell
Now at 3B: Terry Cheadle
Batting: RHB Jon Osterman 0-0: Ball
1-0: Foul Ball, location: 2F
1-1: Foul Ball, location: 2F
1-2: Ball
2-2: Strikes out swinging
Batting: RHB Júlio Flores 0-0: Called Strike
0-1: Swinging Strike
0-2: Foul Ball, location: 2F
0-2: SINGLE (Flyball, 9LM)
Batting: RHB Peter Geib 0-0: Grounds into double play, 6-4-3 (Groundball, 6)
Bottom of the 8th over - 0 run(s), 1 hit(s), 0 error(s), 0 left on base; York 7 - Connetquot 2
TOP OF THE 9TH
York Revolution batting - Pitching for Connetquot Chiefs : RHP Francisco Sánchez
Batting: RHB Billy Hess 0-0: Called Strike
0-1: SINGLE (Line Drive, 5D)
Batting: RHB Carlos Meléndez 0-0: Foul Ball, location: 2F
0-1: Ball
1-1: SINGLE (Line Drive, 6MD)
Billy Hess to second
Batting: LHB Chip Garner 0-0: Ball
1-0: Swinging Strike
1-1: Swinging Strike
1-2: SINGLE (Line Drive, 4MD)
Billy Hess to third
Carlos Meléndez to second
Batting: RHB Terry Cheadle 0-0: Foul Ball, location: 2F
0-1: Ball
1-1: Ball
2-1: Ball
3-1: Base on Balls
Billy Hess scores
Carlos Meléndez to third
Chip Garner to second
Batting: RHB Jorge Barrón 0-0: Called Strike
0-1: Called Strike
0-2: Ball
1-2: Fly out, F8 (Line Drive, 8RM)
Throwing error, E8
Carlos Meléndez scores
Chip Garner to third
Terry Cheadle to second
Batting: RHB Domingo Bravo 0-0: Ball
1-0: Called Strike
1-1: Fly out, F7 (Flyball, 7LS)
Batting: RHB Ernesto Deleón 0-0: SINGLE (Groundball, 34D)
Chip Garner scores
Terry Cheadle to third
Runner from 3rd tries for Home, SAFE, no throw
Pitching: LHP Jack Appleby
Batting: RHB Griffin Woodfinlevine 0-0: Ball
1-0: Fly out, F8 (Flyball, 8RM)
Top of the 9th over - 4 run(s), 4 hit(s), 1 error(s), 1 left on base; York 11 - Connetquot 2
BOTTOM OF THE 9TH
Connetquot Chiefs batting - Pitching for York Revolution : RHP Joel Farrell
Batting: RHB Creed Bratton 0-0: Swinging Strike
0-1: Called Strike
0-2: Ball
1-2: Strikes out swinging
Batting: RHB Felipe Córdova 0-0: Ball
1-0: Ball
2-0: Fly out, F4 (Line Drive, 4)
Batting: RHB Carlos Flores 0-0: Called Strike
0-1: Foul Ball, location: 2F
0-2: Ball
1-2: Ball
2-2: Ball
3-2: Strikes out swinging
Bottom of the 9th over - 0 run(s), 0 hit(s), 0 error(s), 0 left on base; York 11 - Connetquot 2
Saturday, May 26th, 2018 - OOTP Baseball 17.12 Build 75